[Event "Titled Tuesday Blitz February 28 Early 2023"]
[White "Bacrot, Etienne"]
[Black "Dubov, Daniil"]
[WhiteFideId "605506"]
[BlackFideId "24126055"]
[WhiteElo "2667"]
[BlackElo "2802"]
[Result "1/2-1/2"]
[Round "06"]
[TimeControl "180+2"]
[Date "2023.02.28"]
[WhiteClock "0:00:12"]
[BlackClock "0:00:07"]

1. e4 c5 2. Nf3 d6 3. Bb5+ Nc6 4. O-O Bd7 5. Re1 Nf6 6. c3 a6 7. Bf1 Bg4 8. h3 Bxf3 9. Qxf3 g6 10. d3 Bg7 11. Be3 O-O 12. Nd2 Nd7 13. a4 b5 14. axb5 axb5 15. Qd1 Rxa1 16. Qxa1 Qb6 17. Rd1 b4 18. Nc4 Qb7 19. d4 Ra8 20. Qc1 bxc3 21. bxc3 Qb3 22. e5 cxd4 23. cxd4 dxe5 24. d5 Nd4 25. Nxe5 Bxe5 26. Bxd4 Bxd4 27. Rxd4 Qb6 28. Re4 Ra2 29. Qe1 Nf6 30. Rxe7 Nxd5 31. Bc4 Rb2 32. Bxd5 Rb1 33. Bxf7+ Kf8 34. Bc4 Rxe1+ 35. Rxe1 Qb4 36. Rc1 Qd2 37. Rb1 Qc2 38. Rb8+ Kg7 39. Bf1 Qc7 40. Rb5 Qa7 41. g3 h6 42. h4 Qc7 43. Rd5 Qe7 44. Bg2 Qe1+ 45. Bf1 Qe6 46. Rd3 Qb6 47. Re3 Qc5 48. Bg2 g5 49. hxg5 hxg5 50. Bf1 Qc1 51. Kg2 Qc6+ 52. Kg1 Qc1 53. Re5 Kf6 54. Re3 Qc5 55. Kg2 Qc6+ 56. Kg1 Qc5 57. Bg2 Qc1+ 58. Bf1 Qc5 1/2-1/2


[Site "https://www.chess.com"]

[Event "Titled Tuesday Blitz February 28 Early 2023"]
[White "Mitrabha, Guha"]
[Black "Paravyan, David"]
[WhiteFideId "5057000"]
[BlackFideId "4194985"]
[WhiteElo "2520"]
[BlackElo "2577"]
[Result "0-1"]
[Round "06"]
[TimeControl "180+2"]
[Date "2023.02.28"]
[WhiteClock "0:00:02"]
[BlackClock "0:00:06"]

1. d4 Nf6 2. Nf3 g6 3. g3 Bg7 4. Bg2 O-O 5. O-O d5 6. c4 c6 7. cxd5 cxd5 8. Nc3 Ne4 9. Qb3 Nxc3 10. bxc3 Nc6 11. Nd2 e6 12. e4 Na5 13. Qc2 b6 14. Re1 Bb7 15. e5 Rc8 16. h4 Qc7 17. Re3 h5 18. Qd1 Bh6 19. Rf3 Bg7 20. Nf1 Qe7 21. Bg5 Qa3 22. Qd2 Nc4 23. Qf4 Kh7 24. g4 hxg4 25. Qxg4 Bxe5 26. h5 Bg7 27. hxg6+ fxg6 28. Rh3+ Kg8 29. Qxe6+ Rf7 30. Qxg6 Qb2 31. Rd1 Qxf2+ 32. Kh1 Re8 33. Qh7+ Kf8 34. Bh6 Re2 35. Bxg7+ Rxg7 36. Qh8+ Rg8 37. Qh6+ Ke7 38. Qh7+ Qf7 39. Qh4+ Kd7 40. Ng3 Rf2 41. Re1 Rf4 42. Qh6 Rf6 43. Qh4 Rf4 44. Qh7 Rg7 45. Qh8 Kc7 46. Nh5 Rxg2 47. Nxf4 Rg8 48. Qh7 Qxh7 49. Rxh7+ Kc6 50. Ree7 Bc8 51. Rc7+ Kb5 52. Nxd5 Bf5 53. Rxa7 Be4+ 54. Kh2 Bxd5 55. Rac7 Ne3 56. Rhe7 Nf1+ 57. Kh3 Rg3+ 58. Kh4 Bxa2 59. Re5+ Ka4 60. c4 Kb4 61. c5 bxc5 62. dxc5 Rf3 63. c6 Ne3 64. Rb7+ Ka4 65. c7 Nf5+ 66. Kg5 Nd6 67. Rb8 Rc3 68. Re6 Bxe6 69. Rb6 Bd5 70. Rxd6 Bb7 71. Rd7 Bc8 72. Re7 Kb5 73. Kf6 Kb6 74. Rg7 Kc6 75. Ke5 Bd7 76. c8=Q+ Bxc8 77. Kd4 Rc1 78. Rg6+ Kc7 79. Rg7+ Kd6 80. Rg8 Be6 81. Rd8+ Ke7 82. Rh8 Rd1+ 83. Ke5 Rd5+ 84. Ke4 Ra5 85. Rh7+ Kd6 86. Rh8 Ra4+ 87. Ke3 Ke5 88. Re8 Ra3+ 89. Kd2 Kd5 90. Ke2 Bf5 91. Rd8+ Ke4 92. Re8+ Kf4 93. Kd2 Rd3+ 94. Ke2 Rd4 95. Re7 Bg4+ 96. Ke1 Kg3 97. Kf1 Rd2 98. Re3+ Bf3 99. Re5 Rh2 100. Ke1 Kf4 101. Re8 Be4 0-1


[Site "https://www.chess.com"]

[Event "Titled Tuesday Blitz February 28 Early 2023"]
[White "Erigaisi Arjun"]
[Black "Grigoriants, Sergey"]
[WhiteFideId "35009192"]
[BlackFideId "4130804"]
[WhiteElo "2737"]
[BlackElo "2502"]
[Result "1-0"]
[Round "06"]
[TimeControl "180+2"]
[Date "2023.02.28"]
[WhiteClock "0:00:16"]
[BlackClock "0:00:01"]

1. c4 e5 2. d3 Nf6 3. Nf3 Nc6 4. a3 d5 5. cxd5 Nxd5 6. e4 Nf6 7. Be2 Bc5 8. O-O O-O 9. Be3 Bb6 10. Nbd2 Bxe3 11. fxe3 Ng4 12. Nc4 b5 13. h3 bxc4 14. hxg4 cxd3 15. Qxd3 Bxg4 16. Rac1 Bxf3 17. Rxf3 Qxd3 18. Bxd3 Nd8 19. Rxc7 Ne6 20. Re7 Ng5 21. Rf2 Rfe8 22. Rb7 Reb8 23. Rc7 Rc8 24. Rfc2 Rxc7 25. Rxc7 a5 26. Bc4 Kf8 27. Bd5 Rb8 28. b3 Rb6 29. Ra7 Rb5 30. Kf2 f5 31. Ke2 Nxe4 32. Be6 g6 33. Rf7+ Ke8 34. Rxh7 Rc5 35. Bf7+ Kd8 36. Bxg6 Rc2+ 37. Kd1 Rxg2 38. Bxf5 Nc3+ 39. Ke1 Rb2 40. Rd7+ Ke8 41. Rd3 Nb1 42. b4 axb4 43. axb4 Rxb4 44. Kd1 Ra4 45. Bd7+ 1-0


[Site "https://www.chess.com"]

[Event "Titled Tuesday Blitz February 28 Early 2023"]
[White "Kovalenko, Igor"]
[Black "Le, Tuan Minh"]
[WhiteFideId "14117908"]
[BlackFideId "12401153"]
[WhiteElo "2574"]
[BlackElo "2558"]
[Result "0-1"]
[Round "06"]
[TimeControl "180+2"]
[Date "2023.02.28"]
[WhiteClock "0:00:27"]
[BlackClock "0:00:09"]

1. d4 d5 2. c4 c6 3. cxd5 cxd5 4. Nc3 Nf6 5. Bf4 Nc6 6. e3 a6 7. Rc1 Bf5 8. Nf3 Rc8 9. Be2 e6 10. O-O Bd6 11. Qb3 Bxf4 12. exf4 Qe7 13. Na4 O-O 14. Nb6 Rc7 15. Rfd1 Bg4 16. Rc2 Qd6 17. Ne5 Bxe2 18. Rxe2 Na5 19. Qh3 Qxb6 20. g4 Nc6 21. g5 Ne4 22. Qe3 Nxe5 23. fxe5 f6 24. exf6 gxf6 25. gxf6 Rxf6 26. f3 Rg7+ 27. Kh1 Ng5 28. Rg1 Rfg6 29. Rg3 Nf7 30. Rc2 Qd8 31. f4 Nd6 32. Qe5 Nf5 33. Rg5 h6 34. Rgg2 Qf6 35. Rc8+ Kh7 36. Qb8 Rxg2 37. Rh8+ Kg6 38. Kxg2 Kh5+ 39. Kf1 Qxd4 40. Qe8+ Kh4 41. Qxe6 Rg1+ 42. Ke2 Rg2+ 43. Kf1 Qf2# 0-1


[Site "https://www.chess.com"]

[Event "Titled Tuesday Blitz February 28 Early 2023"]
[White "Deac, Bogdan-Daniel"]
[Black "Abdrlauf, Elham"]
[WhiteFideId "1226380"]
[BlackFideId "1533533"]
[WhiteElo "2649"]
[BlackElo "2476"]
[Result "0-1"]
[Round "06"]
[TimeControl "180+2"]
[Date "2023.02.28"]
[WhiteClock "0:00:03"]
[BlackClock "0:00:16"]

1. b3 Nf6 2. Bb2 g6 3. Nf3 Bg7 4. g3 O-O 5. Bg2 c5 6. c4 Nc6 7. O-O b6 8. d3 Bb7 9. Nbd2 d5 10. cxd5 Qxd5 11. a3 Rad8 12. Rb1 Rfe8 13. b4 cxb4 14. axb4 e5 15. Nxe5 Qe6 16. Nxc6 Bxc6 17. Bxc6 Qxc6 18. b5 Qe6 19. Bxf6 Bxf6 20. Ne4 Bg7 21. Qa4 h6 22. Rfe1 Rd5 23. Qb3 Red8 24. Kg2 Kh7 25. Rec1 R8d7 26. Rc6 Qe5 27. f4 Qd4 28. Qc2 Re7 29. Nf2 Qe3 30. Qb3 Rh5 31. Rc2 Rxh2+ 32. Kxh2 Qxf2+ 33. Kh3 Re3 0-1


[Site "https://www.chess.com"]

[Event "Titled Tuesday Blitz February 28 Early 2023"]
[White "Ahmadzada, Ahmad"]
[Black "Shimanov, Aleksandr"]
[WhiteFideId "13413007"]
[BlackFideId "4198603"]
[WhiteElo "2388"]
[BlackElo "2631"]
[Result "1-0"]
[Round "06"]
[TimeControl "180+2"]
[Date "2023.02.28"]
[WhiteClock "0:00:01"]
[BlackClock "0:00:02"]

1. Nf3 d5 2. g3 Nd7 3. Bg2 e5 4. O-O Ngf6 5. d3 c6 6. c4 dxc4 7. dxc4 Bc5 8. Nc3 O-O 9. Qc2 Re8 10. Ng5 h6 11. Nge4 Nxe4 12. Nxe4 Bf8 13. Rd1 Qc7 14. c5 Rd8 15. Be3 Be7 16. Nd6 Nf8 17. Nf5 Be6 18. Nxe7+ Qxe7 19. b4 Bd5 20. f3 Rd7 21. Bf2 Rad8 22. a4 a6 23. e4 Be6 24. Bf1 f6 25. b5 axb5 26. axb5 Qf7 27. Rxd7 Qxd7 28. bxc6 bxc6 29. Qa4 Bf7 30. Be2 Ne6 31. Rd1 Nd4 32. Bxd4 exd4 33. Bc4 Bxc4 34. Qxc4+ Kh8 35. Rd3 Qa7 36. Kg2 Qa1 37. Rd2 Qb1 38. Rd3 Qb2+ 39. Kh3 Qf2 40. Qc1 Re8 41. Qd2 Qf1+ 42. Kg4 Re5 43. h4 Rxc5 44. Rxd4 h5+ 45. Kf4 Kh7 46. Qd3 Qc1+ 47. Qd2 Qa3 48. Qd3 Rc3 49. Qd1 c5 50. Rd5 Kg6 51. Rd6 c4 52. e5 Qc5 53. Qb1+ Kh6 54. Re6 1-0


[Site "https://www.chess.com"]

[Event "Titled Tuesday Blitz February 28 Early 2023"]
[White "Bews, Steven"]
[Black "Bortnyk, Olexandr"]
[WhiteFideId "2400529"]
[BlackFideId "14120828"]
[WhiteElo "2587"]
[BlackElo "2734"]
[Result "1-0"]
[Round "06"]
[TimeControl "180+2"]
[Date "2023.02.28"]
[WhiteClock "0:00:34"]
[BlackClock "0:00:03"]

1. e4 Nf6 2. e5 Nd5 3. Nf3 d6 4. d4 dxe5 5. Nxe5 c6 6. c4 Nb4 7. Be3 Bf5 8. Nd3 e5 9. Nxb4 Bxb4+ 10. Nc3 Qa5 11. Qb3 exd4 12. Bxd4 O-O 13. O-O-O Na6 14. Bd3 Rad8 15. Bxf5 Qxf5 16. Qc2 Qe6 17. b3 Ba3+ 18. Kb1 Nb4 19. Qe4 Qh6 20. Rhe1 b6 21. f4 c5 22. Be3 Qf6 23. Qe5 Qg6+ 24. Qe4 Nd3 25. Qxg6 fxg6 26. Rf1 Rfe8 27. Nd5 Rxd5 28. cxd5 Rxe3 29. Rf3 c4 30. Rxe3 Nxf4 31. d6 1-0


[Site "https://www.chess.com"]

[Event "Titled Tuesday Blitz February 28 Early 2023"]
[White "Talibov, Shiroghlan"]
[Black "So, Wesley"]
[WhiteFideId "13429078"]
[BlackFideId "5202213"]
[WhiteElo "2218"]
[BlackElo "2739"]
[Result "0-1"]
[Round "06"]
[TimeControl "180+2"]
[Date "2023.02.28"]
[WhiteClock "0:00:28"]
[BlackClock "0:01:39"]

1. e4 e5 2. Nf3 Nc6 3. Nc3 Nf6 4. Bb5 Bb4 5. O-O d6 6. d3 O-O 7. Bg5 Ne7 8. Re1 c6 9. Ba4 Ng6 10. d4 h6 11. Bd2 Re8 12. dxe5 dxe5 13. a3 Ba5 14. Qe2 Bg4 15. Rad1 Nh4 16. Bg5 hxg5 17. Rxd8 Raxd8 18. Rd1 Bxc3 19. bxc3 Nxe4 20. Rxd8 Rxd8 21. h3 Bxf3 22. gxf3 Nxc3 23. Qe3 Nxa4 24. Qxa7 Rd1+ 25. Kh2 Nxf3+ 26. Kg3 e4 0-1


[Site "https://www.chess.com"]

[Event "Titled Tuesday Blitz February 28 Early 2023"]
[White "Andreikin, Dmitry"]
[Black "Bharath Subramaniyam H"]
[WhiteFideId "4158814"]
[BlackFideId "46634827"]
[WhiteElo "2736"]
[BlackElo "2395"]
[Result "1-0"]
[Round "06"]
[TimeControl "180+2"]
[Date "2023.02.28"]
[WhiteClock "0:00:06"]
[BlackClock "0:00:09"]

1. c4 c5 2. Nf3 g6 3. g3 Bg7 4. Bg2 Nc6 5. Nc3 e5 6. d3 d6 7. a3 Nge7 8. Rb1 a5 9. Bd2 h6 10. Qc1 Be6 11. O-O f5 12. Nb5 g5 13. b4 axb4 14. axb4 b6 15. bxc5 bxc5 16. h4 g4 17. Ne1 Ra6 18. Nc2 Kf7 19. Ne3 Nd4 20. Nxd4 cxd4 21. Nc2 Ra7 22. Rb5 Qc7 23. Nb4 Rb8 24. Qb2 Rxb5 25. cxb5 Qc5 26. Nc6 Ra2 27. Nd8+ Ke8 28. Nxe6 Rxb2 29. Nxc5 dxc5 30. Ba5 Rxb5 31. Ra1 Rb2 32. Kf1 Kd7 33. Be1 Rb6 34. Ra7+ Ke6 35. Ba8 Bf6 36. Ba5 Rb1+ 37. Kg2 Kf7 38. Bd8 Rb2 39. Bd5+ Ke8 40. Bxe7 Bxe7 41. Kf1 Rb1+ 42. Kg2 Re1 43. Be6 Rxe2 44. Bxf5 Rd2 45. Ra6 h5 46. Bg6+ Kd8 47. Bxh5 Rxd3 48. Bxg4 c4 49. Ra8+ Kc7 50. Ra7+ Kd6 51. Rd7+ Kc5 52. Rxe7 c3 53. Rc7+ Kd6 54. Rc8 Rd2 55. h5 e4 56. h6 e3 57. h7 Rxf2+ 58. Kg1 d3 59. h8=Q c2 60. Qd4+ 1-0


[Site "https://www.chess.com"]

[Event "Titled Tuesday Blitz February 28 Early 2023"]
[White "Caruana, Fabiano"]
[Black "Galchenko, Matvey"]
[WhiteFideId "2020009"]
[BlackFideId "24175480"]
[WhiteElo "2818"]
[BlackElo "2404"]
[Result "1-0"]
[Round "06"]
[TimeControl "180+2"]
[Date "2023.02.28"]
[WhiteClock "0:01:05"]
[BlackClock "0:00:17"]

1. e4 e6 2. d4 d5 3. Nc3 Bb4 4. e5 Ne7 5. a3 Bxc3+ 6. bxc3 c5 7. h4 Qc7 8. h5 cxd4 9. cxd4 Qc3+ 10. Bd2 Qxd4 11. Nf3 Qe4+ 12. Be2 Nf5 13. O-O Nc6 14. Re1 O-O 15. h6 gxh6 16. Bd3 Qg4 17. Bxf5 Qxf5 18. Bxh6 Qg6 19. Bxf8 Kxf8 20. c4 Ne7 21. cxd5 Nxd5 22. Qd4 Bd7 23. Re4 b6 24. Rc1 Qh6 25. Rc2 Rd8 26. Rg4 Be8 27. Ng5 Qg6 28. Rc1 Qf5 29. Rg3 Rd7 30. Qh4 f6 31. exf6 Nxf6 32. Rf3 Qg6 33. Rxf6+ 1-0


[Site "https://www.chess.com"]

[Event "Titled Tuesday Blitz February 28 Early 2023"]
[White "Firouzja, Alireza"]
[Black "Drygalov, Sergey"]
[WhiteFideId "12573981"]
[BlackFideId "24171743"]
[WhiteElo "2904"]
[BlackElo "2533"]
[Result "1-0"]
[Round "06"]
[TimeControl "180+2"]
[Date "2023.02.28"]
[WhiteClock "0:00:15"]
[BlackClock "0:00:02"]

1. e4 c5 2. Nf3 d6 3. c3 Nf6 4. Be2 g6 5. O-O Bg7 6. Re1 O-O 7. Bf1 Nc6 8. h3 e5 9. Na3 d5 10. exd5 Nxd5 11. Nc4 Re8 12. d3 f6 13. a4 b6 14. Nfd2 Be6 15. Ne4 Qe7 16. a5 b5 17. Ncd6 Reb8 18. d4 f5 19. Bg5 Qd7 20. dxc5 fxe4 21. Bxb5 a6 22. Bc4 Nc7 23. b4 Bxc4 24. Nxc4 Qxd1 25. Raxd1 Nb5 26. Bd2 Rd8 27. Rc1 Rd3 28. Rxe4 Rad8 29. Rc2 Ne7 30. Bg5 R8d7 31. Nb6 Rc7 32. c4 Nd4 33. Rd2 Rb3 34. Bxe7 Rxb4 35. Bd6 Rf7 36. Nd5 Rb1+ 37. Kh2 Nb3 38. Rd3 Nxa5 39. f4 Nc6 40. fxe5 Rd7 41. e6 Rd8 42. e7 Re8 43. Rf3 a5 44. Ref4 h6 45. Rf8+ Bxf8 46. Rxf8+ Kg7 47. Rxe8 1-0


[Site "https://www.chess.com"]

[Event "Titled Tuesday Blitz February 28 Early 2023"]
[White "Zemlyanskii, Ivan"]
[Black "Duda, Jan-Krzysztof"]
[WhiteFideId "24249971"]
[BlackFideId "1170546"]
[WhiteElo "2233"]
[BlackElo "2790"]
[Result "0-1"]
[Round "06"]
[TimeControl "180+2"]
[Date "2023.02.28"]
[WhiteClock "0:00:04"]
[BlackClock "0:00:34"]

1. d4 f5 2. Qd3 d5 3. c4 e6 4. Nc3 Nf6 5. Bg5 Be7 6. e3 O-O 7. Nf3 c6 8. Qc2 Ne4 9. Bxe7 Qxe7 10. Bd3 Bd7 11. O-O Be8 12. Ne5 Nd7 13. Nxd7 Qxd7 14. b4 Rc8 15. Rac1 Kh8 16. Ne2 Nd6 17. c5 Nf7 18. a4 Qe7 19. f3 Bd7 20. e4 dxe4 21. fxe4 g6 22. Qb2 Qf6 23. e5 Qh4 24. Qd2 Rcd8 25. Qe3 g5 26. Qg3 Qh6 27. Bc4 Be8 28. b5 Rd7 29. bxc6 bxc6 30. Rb1 Nd8 31. Rb8 Bh5 32. Qe3 f4 33. Qe4 Rdf7 34. h4 f3 35. Ng3 f2+ 36. Rxf2 Rxf2 37. Rxd8 Rxd8 0-1


[Site "https://www.chess.com"]

[Event "Titled Tuesday Blitz February 28 Early 2023"]
[White "Yeletsky, Ivan"]
[Black "Bluebaum, Matthias"]
[WhiteFideId "24180327"]
[BlackFideId "24651516"]
[WhiteElo "2414"]
[BlackElo "2638"]
[Result "0-1"]
[Round "06"]
[TimeControl "180+2"]
[Date "2023.02.28"]
[WhiteClock "0:00:02"]
[BlackClock "0:00:22"]

1. e4 e6 2. d4 d5 3. e5 c5 4. c3 Nc6 5. Na3 cxd4 6. cxd4 Bb4+ 7. Bd2 Bxa3 8. bxa3 Nxd4 9. Qa4+ Nc6 10. Nf3 Ne7 11. Bd3 Bd7 12. Qg4 Ng6 13. O-O O-O 14. Rae1 f5 15. exf6 Qxf6 16. Ng5 h6 17. Nf3 Nge5 18. Nxe5 Nxe5 19. Rxe5 Qxe5 20. Qg6 Rf6 21. Qh7+ Kf7 22. Re1 Qd4 23. Be3 Qc3 24. Rc1 Qe5 25. h4 Rc8 26. Rd1 Qh5 27. Rb1 b6 28. Rb4 e5 29. Bg5 Rg6 30. f3 Rxg5 31. hxg5 Rc1+ 32. Kf2 Qxg5 33. Qh8 d4 34. Bc4+ Ke7 35. Qg8 Qh4+ 36. Ke2 Qe1+ 37. Kd3 Qe3# 0-1


[Site "https://www.chess.com"]

[Event "Titled Tuesday Blitz February 28 Early 2023"]
[White "Adhiban, B."]
[Black "Ohanyan, Emin"]
[WhiteFideId "5018471"]
[BlackFideId "13312022"]
[WhiteElo "2587"]
[BlackElo "2403"]
[Result "0-1"]
[Round "06"]
[TimeControl "180+2"]
[Date "2023.02.28"]
[WhiteClock "0:00:43"]
[BlackClock "0:00:04"]

1. e4 e5 2. f4 d5 3. exd5 exf4 4. Bb5+ Nd7 5. Nf3 Nf6 6. d4 Nxd5 7. O-O c6 8. Bd3 Be7 9. Nc3 N7f6 10. Nxd5 Nxd5 11. c4 Ne3 12. Bxe3 fxe3 13. Qc2 Bg4 14. Rae1 Bxf3 15. Rxf3 Qxd4 16. Kh1 O-O-O 17. Rfxe3 Bf6 18. b3 Kb8 19. g3 h5 20. h3 Rd6 21. c5 Rd5 22. b4 Rhd8 23. Bc4 Re5 24. Rxe5 Bxe5 25. Qe4 f6 26. b5 Qxc5 27. Bf1 Bxg3 28. Rb1 Qd5 29. Bg2 Qxe4 30. Bxe4 c5 31. b6 axb6 32. Rxb6 Rd7 33. Kg2 Be5 34. h4 c4 35. Kf3 c3 36. a4 Rc7 37. Bc2 Ka7 38. Rb5 Rc4 39. a5 Ka6 40. Rb6+ Kxa5 41. Rxb7 Rxh4 42. Rxg7 Rh2 43. Ra7+ Kb6 44. Ra2 h4 45. Kg4 Bg3 46. Kf3 Rd2 47. Kg4 Kb5 48. Kh3 Kb4 49. Kg4 Rxc2 50. Rxc2 Kb3 51. Re2 c2 52. Rxc2 Kxc2 0-1


[Site "https://www.chess.com"]

[Event "Titled Tuesday Blitz February 28 Early 2023"]
[White "Drygalov, Andrey"]
[Black "Sarana, Alexey"]
[WhiteFideId "24171735"]
[BlackFideId "24133795"]
[WhiteElo "2471"]
[BlackElo "2717"]
[Result "1-0"]
[Round "06"]
[TimeControl "180+2"]
[Date "2023.02.28"]
[WhiteClock "0:00:10"]
[BlackClock "0:00:01"]

1. e4 c5 2. Nf3 d6 3. Bb5+ Nd7 4. O-O a6 5. Bd3 e6 6. c3 Be7 7. Bc2 b5 8. d4 Bb7 9. Re1 Ngf6 10. Nbd2 Qc7 11. Nf1 O-O 12. Ng3 Rfd8 13. h3 Nf8 14. Be3 a5 15. a4 b4 16. c4 cxd4 17. Qxd4 N6d7 18. Bg5 e5 19. Qd3 Nc5 20. Qe2 b3 21. Bxe7 Qxe7 22. Bd1 Nfe6 23. Ra3 Nf4 24. Qd2 Qf6 25. Qe3 Bc6 26. Bxb3 Rab8 27. Qc3 Rb4 28. Bc2 Bxa4 29. b3 Bc6 30. Rxa5 Rdb8 31. Nd2 g6 32. Qe3 h5 33. Ne2 Nce6 34. Nxf4 Nxf4 35. Nf3 Ne6 36. Ra6 Rc8 37. Qd2 Rb7 38. Qxd6 Rd7 39. Qxe5 Qd8 40. Qc3 Bb7 41. Raa1 Qc7 42. Rad1 Rxd1 43. Rxd1 Nf4 44. Qe5 Qxe5 45. Nxe5 Re8 46. Nf3 Ne2+ 47. Kf1 Nc3 48. Re1 Na2 49. e5 Nb4 50. Be4 Bc8 51. Bd5 Rd8 52. Rd1 Kg7 53. Ke2 Bf5 54. Rd2 Re8 55. Ke3 Bc2 56. Kd4 Bf5 57. Kc3 Na6 58. b4 Rc8 59. Nd4 Nc7 60. Bc6 Be6 61. Nxe6+ Nxe6 62. Bd5 Nc7 63. Kb3 Rd8 64. b5 Kf8 65. Kb4 Ke7 66. b6 Ne6 67. Rd3 Nf4 68. Rf3 Nxd5+ 69. cxd5 Rxd5 70. b7 Rd8 71. Kc5 1-0


[Site "https://www.chess.com"]

[Event "Titled Tuesday Blitz February 28 Early 2023"]
[White "Molina, Roberto Junio Brito"]
[Black "Tabatabaei, M. Amin"]
[WhiteFideId "2109450"]
[BlackFideId "12521213"]
[WhiteElo "2376"]
[BlackElo "2565"]
[Result "0-1"]
[Round "06"]
[TimeControl "180+2"]
[Date "2023.02.28"]
[WhiteClock "0:00:46"]
[BlackClock "0:00:49"]

1. d4 e6 2. c4 b6 3. Nf3 Bb7 4. g3 Bb4+ 5. Bd2 Bxf3 6. exf3 Bxd2+ 7. Qxd2 Nf6 8. Bg2 d5 9. cxd5 Nxd5 10. f4 Nc6 11. O-O Nce7 12. Nc3 O-O 13. Rac1 c6 14. Rfd1 Qd7 15. h4 Rfd8 16. a3 Rac8 17. Qe2 Nf5 18. Be4 Nde7 19. Qd3 Nxd4 20. Bxh7+ Kf8 21. Be4 c5 22. Ne2 Qa4 23. Nc3 Qb3 24. Rd2 Nf3+ 25. Bxf3 Rxd3 26. Rxd3 Qxb2 27. Ne2 Nf5 28. Kg2 Ke7 29. Rcd1 Rc7 30. R1d2 Qf6 31. Be4 c4 32. Rc3 Nd6 33. Bf3 Nb5 34. Re3 c3 35. Ra2 c2 36. a4 Nd4 37. Nc1 Nxf3 38. Kxf3 Qd4 39. Rd3 Qb4 40. Ke2 Rc3 41. Rd2 Qe4+ 42. Kf1 Qh1+ 0-1


[Site "https://www.chess.com"]

[Event "Titled Tuesday Blitz February 28 Early 2023"]
[White "Svane, Rasmus"]
[Black "Harsh Suresh"]
[WhiteFideId "4657101"]
[BlackFideId "45018464"]
[WhiteElo "2597"]
[BlackElo "2227"]
[Result "1-0"]
[Round "06"]
[TimeControl "180+2"]
[Date "2023.02.28"]
[WhiteClock "0:00:23"]
[BlackClock "0:00:16"]

1. Nf3 Nf6 2. g3 b5 3. Bg2 Bb7 4. d4 e6 5. Bg5 Be7 6. Qd3 a6 7. c3 O-O 8. Bxf6 Bxf6 9. Ng5 Bxg5 10. Bxb7 Ra7 11. Bg2 d6 12. a4 c6 13. O-O Qb6 14. Nd2 Bxd2 15. Qxd2 Nd7 16. b4 d5 17. Rfb1 a5 18. axb5 cxb5 19. bxa5 Rxa5 20. Rxa5 Qxa5 21. Qb2 Rb8 22. e4 dxe4 23. Bxe4 Nf6 24. Bd3 Nd5 25. c4 Qc3 26. Qxc3 Nxc3 27. Rb4 Kf8 28. cxb5 Nd5 29. Ra4 Ke7 30. Ra7+ Kf6 31. Kg2 g6 32. Kf3 h5 33. h4 Nc3 34. Ra5 Nd5 35. Ke2 Ke7 36. Ra7+ Kf6 37. Kd2 Nb4 38. Bc4 Rc8 39. Bb3 Rb8 40. Ra5 Rc8 41. Ra4 Nd5 42. Bxd5 exd5 43. b6 Rb8 44. Rb4 Ke6 45. b7 Kd6 46. Rb6+ Kc7 47. Rf6 Rf8 48. Ke3 Kxb7 49. Kf4 Kc7 50. Kg5 Kd7 51. Kh6 Ke7 52. Kg7 Ke8 53. f3 Ke7 54. g4 hxg4 55. fxg4 Rg8+ 56. Kxg8 Kxf6 57. g5+ Ke7 58. Kg7 Ke8 59. Kf6 Kf8 60. Ke5 Ke7 61. Kxd5 Kd7 62. Ke5 Ke7 63. d5 Kd7 64. Kf6 Kd6 65. Kxf7 Kxd5 66. Kxg6 Ke5 67. h5 Ke6 68. h6 Ke7 69. Kg7 Ke6 70. g6 Kd6 71. h7 Ke5 72. h8=Q Ke6 73. Qf8 Ke5 74. Kh7 Ke6 75. g7 Kd5 76. g8=Q+ Kc6 77. Qff7 Kb5 78. Qgg6 Kb4 79. Qff5 Kc3 80. Qgg4 Kd2 81. Qff3 Ke1 82. Qgg3+ Kd2 83. Qff2+ Kd1 84. Qgg1# 1-0


[Site "https://www.chess.com"]

[Event "Titled Tuesday Blitz February 28 Early 2023"]
[White "Kilic, Eray"]
[Black "Maghsoodloo, Parham"]
[WhiteFideId "44517173"]
[BlackFideId "12539929"]
[WhiteElo "2328"]
[BlackElo "2659"]
[Result "1-0"]
[Round "06"]
[TimeControl "180+2"]
[Date "2023.02.28"]
[WhiteClock "0:01:35"]
[BlackClock "0:01:49"]

1. e4 c5 2. Nf3 e6 3. d4 cxd4 4. Nxd4 Qc7 5. Nc3 Nc6 6. g3 Nf6 7. Bg2 Nxd4 8. Qxd4 Bc5 9. Bf4 Qb6 10. Qd2 Qa6 11. e5 Nh5 12. Be3 Bxe3 13. Qxe3 Qb6 14. Qd2 g6 15. g4 Ng7 16. O-O-O d5 17. exd6 f5 18. d7+ 1-0


[Site "https://www.chess.com"]

[Event "Titled Tuesday Blitz February 28 Early 2023"]
[White "Milikow, Yoav"]
[Black "Matlakov, Maxim"]
[WhiteFideId "2822237"]
[BlackFideId "4168003"]
[WhiteElo "2410"]
[BlackElo "2666"]
[Result "0-1"]
[Round "06"]
[TimeControl "180+2"]
[Date "2023.02.28"]
[WhiteClock "0:00:57"]
[BlackClock "0:02:08"]

1. d4 d5 2. c4 c6 3. Nf3 Nf6 4. g3 Bf5 5. Nc3 e6 6. Nh4 Be4 7. f3 Bg6 8. Qb3 Qb6 9. c5 Qxb3 10. axb3 Na6 11. e3 Nb4 12. Ra4 a5 13. Nxg6 hxg6 14. Bd2 Nd7 15. Kd1 b6 16. cxb6 Nxb6 17. Ra1 Bd6 18. Bg2 Ke7 19. Ke2 g5 20. e4 f6 21. exd5 exd5 22. Rae1 Nc2 23. Ref1 Nxd4+ 0-1


[Site "https://www.chess.com"]

[Event "Titled Tuesday Blitz February 28 Early 2023"]
[White "Real_OceanStorm"]
[Black "Kamsky, Gata"]
[BlackFideId "2000024"]
[WhiteElo "2763"]
[BlackElo "2666"]
[Result "1/2-1/2"]
[Round "06"]
[TimeControl "180+2"]
[Date "2023.02.28"]
[WhiteClock "0:00:05"]
[BlackClock "0:00:11"]

1. b3 d5 2. Bb2 Bf5 3. d3 e6 4. Nf3 h6 5. Nbd2 Nf6 6. h3 Nbd7 7. g4 Bh7 8. e3 a5 9. a4 Bb4 10. Bg2 c6 11. O-O O-O 12. Re1 Re8 13. Ne5 Nxe5 14. Bxe5 Nd7 15. Bb2 e5 16. c3 Bf8 17. Qc2 Nc5 18. e4 dxe4 19. dxe4 Nd3 20. Red1 Nxb2 21. Qxb2 Bc5 22. Nc4 Qe7 23. Ne3 Bxe3 24. fxe3 Red8 25. c4 Qc5 26. Qe2 f6 27. Kh1 Bg6 28. Rd3 Rd6 29. Rxd6 Qxd6 30. Rd1 Qe7 31. Qd3 Bf7 32. Qd6 Kf8 33. Qd7 Be6 34. Qd3 Qb4 35. Kg1 Re8 36. Kf1 Kf7 37. Ke2 Re7 38. Qc2 Rd7 39. Rxd7+ Bxd7 40. Qd3 Ke7 41. Qc2 Be6 42. Kf2 Qc5 43. Bf1 b5 44. Qa2 bxa4 45. Qxa4 Kd7 46. Qa1 Kc7 47. Qd1 Qb4 48. Be2 Qc3 49. h4 Qb4 50. Qc2 Kd6 51. h5 Ke7 52. Qd3 Qc5 53. Qc2 Kd6 54. Qd2+ Kc7 55. Qc2 Qb4 56. Bf3 c5 57. Be2 Bd7 58. Qd1 Bc6 59. Qd3 a4 60. bxa4 Qxa4 61. Bf3 Qa2+ 62. Kg3 Qa1 63. Kf2 Qb2+ 64. Kg1 Qc1+ 65. Kf2 Qb2+ 66. Kg1 Qa1+ 67. Kf2 Qb2+ 1/2-1/2


[Site "https://www.chess.com"]

[Event "Titled Tuesday Blitz February 28 Early 2023"]
[White "Cherniaiev, Tykhon"]
[Black "Bruzon Batista, Lazaro"]
[WhiteFideId "14182360"]
[BlackFideId "3503739"]
[WhiteElo "2450"]
[BlackElo "2709"]
[Result "1/2-1/2"]
[Round "06"]
[TimeControl "180+2"]
[Date "2023.02.28"]
[WhiteClock "0:01:08"]
[BlackClock "0:00:54"]

1. Nf3 Nf6 2. d4 d5 3. c4 e6 4. Nc3 Be7 5. Bg5 h6 6. Bxf6 Bxf6 7. cxd5 exd5 8. e3 O-O 9. Bd3 c6 10. O-O Be7 11. a3 Bd6 12. h3 Nd7 13. b4 a6 14. Rb1 Re8 15. a4 Nb6 16. b5 cxb5 17. axb5 a5 18. e4 Bb4 19. Nxd5 Nxd5 20. exd5 Qxd5 21. Ne5 Be6 22. Bc4 Qd6 23. Bxe6 Rxe6 24. Qf3 Re7 25. Rfd1 Rd8 26. Nd3 Qb6 27. Nxb4 axb4 28. Rxb4 Red7 29. Qe4 Rd5 1/2-1/2


[Site "https://www.chess.com"]

[Event "Titled Tuesday Blitz February 28 Early 2023"]
[White "Steinberg, Nitzan"]
[Black "EREBUNI91"]
[WhiteFideId "2801795"]
[WhiteElo "2486"]
[BlackElo "2732"]
[Result "1/2-1/2"]
[Round "06"]
[TimeControl "180+2"]
[Date "2023.02.28"]
[WhiteClock "0:02:03"]
[BlackClock "0:00:50"]

1. d4 Nf6 2. Nf3 d5 3. c4 e6 4. Nc3 Bb4 5. Bg5 h6 6. Bxf6 Qxf6 7. e3 O-O 8. Rc1 dxc4 9. Bxc4 c5 10. a3 cxd4 11. Qxd4 Qxd4 12. Nxd4 Be7 13. Ke2 Bd7 14. Rhd1 Rd8 15. Bb5 a6 16. Bxd7 Nxd7 17. Ne4 Nf6 18. Nxf6+ Bxf6 19. Rc7 b5 20. b4 a5 21. Nxb5 axb4 22. Rxd8+ Bxd8 23. Rd7 bxa3 24. Nxa3 Rxa3 25. Rxd8+ Kh7 26. h4 Kg6 27. Kf3 Ra4 28. g3 Kf6 1/2-1/2


[Site "https://www.chess.com"]